Map: Interloper LE

Players

Silky - Winner!

  • Race: Zerg Zerg
  • Spawn Location: 5:00

jheffe

  • Race: Terran Terran
  • Spawn Location: 11:00

Event: WCS Montreal 2017

VOD

Have the link to the VOD?

Description

Time

  • Played on: Sept. 8, 2017, 12:04 p.m.
  • Length: 14:07

All games in this series

Show
View Real Time Build Order
Export as new Build Order

Silky Zerg - Winner!

Build Orders: Hatch First 

Get SALT Encoding   

  12  0:00  Drone  
  13  0:12  Overlord  
  13  0:16  Drone  
  14  0:31  Drone x2  
  14  0:34  Drone  
  17  0:52  Hatchery  
  17  0:55  Drone  
  17  0:58  Drone  
  18  1:09  Extractor  
  17  1:13  Spawning Pool  
  17  1:16  Drone  
  17  1:19  Drone  
  18  1:28  Drone  
  19  1:40  Overlord  
  19  1:59  Queen  
  19  2:00  Zergling x4  
  23  2:03  Queen  
  23  2:04  Drone  
  23  2:08  Metabolic Boost  
  26  2:11  Drone  
  27  2:17  Drone  
  28  2:30  Spore Crawler  
  28  2:31  Drone x2  
  28  2:33  Drone  
  28  2:36  Drone  
  32  2:39  Queen  
  34  2:46  Pneumatized Carapace  
  34  2:47  Overlord  
  35  2:51  Drone  
  35  2:58  Drone  
  36  3:09  Drone x3  
  39  3:14  Drone x2  
  39  3:17  Drone  
  39  3:18  Drone x2  
  44  3:25  Hatchery  
  43  3:33  Overlord, Zergling x2  
  44  3:46  Overlord  
  44  3:51  Queen  
  44  3:52  Zergling x4  
  44  3:53  Drone x2, Zergling x4  
  52  4:00  Drone  
  52  4:04  Lair  
  52  4:09  Zergling x4  
  53  4:10  Drone x3  
  56  4:21  Zergling x4  
  56  4:22  Drone  
  56  4:23  Overlord, Drone  
  60  4:26  Spore Crawler  
  60  4:28  Spore Crawler  
  60  4:29  Queen  
  60  4:37  Overlord  
  60  4:39  Spore Crawler, Queen  
  60  4:42  Drone x4  
  60  4:45  Drone  
  66  4:49  Drone x2  
  66  5:01  Overlord  
  66  5:02  Overseer  
  65  5:07  Queen  
  65  5:11  Zergling x6  
  65  5:13  Overlord, Drone x2  
  65  5:14  Drone x4  
  75  5:18  Extractor x2, Evolution Chamber x2  
  75  5:20  Baneling Nest, Drone x2  
  73  5:24  Drone  
  74  5:32  Drone x2  
  74  5:34  Hydralisk Den  
  74  5:35  Extractor  
  74  5:36  Extractor  
  74  5:37  Overlord  
  74  5:39  Drone x3  
  74  5:40  Drone  
  77  5:44  Zerg Missile Weapons Level 1  
  77  5:49  Extractor  
  76  5:50  Drone x4  
  76  5:51  Drone x2  
  76  5:55  Hatchery  
  81  5:58  Drone  
  81  6:02  Zerg Ground Armor Level 1  
  82  6:07  Drone x5  
  82  6:08  Drone  
  88  6:13  Muscular Augments  
  88  6:21  Overlord, Drone  
  88  6:22  Drone  
  88  6:23  Overlord x2  
  90  6:27  Centrifical Hooks  
  90  6:38  Overlord  
  90  6:43  Drone x8  
  90  6:44  Drone  
  98  6:50  Baneling  
  98  6:53  Baneling x5  
  98  6:54  Zergling x10  
  101  6:56  Zergling x2  
  101  6:59  Zergling x8, Hydralisk  
  110  7:01  Baneling x5  
  110  7:02  Baneling x3  
  110  7:08  Hydralisk x3  
  111  7:10  Hydralisk  
  117  7:19  Hydralisk  
  117  7:20  Hydralisk x4  
  127  7:24  Overlord  
  127  7:33  Overlord x4  
  126  7:39  Zerg Missile Weapons Level 2  
  126  7:41  Overlord x2  
  126  7:43  Hydralisk x2  
  126  7:44  Hydralisk x3  
  127  7:49  Overlord x2  
  135  7:52  Overlord  
  135  7:53  Overlord  
  135  8:00  Baneling x5  
  135  8:01  Hydralisk x3  
  141  8:07  Drone x4  
  145  8:16  Hydralisk x3  
  145  8:17  Hydralisk x3  
  147  8:21  Drone  
  147  8:22  Drone x3  
  150  8:31  Hydralisk x3  
  156  8:44  Extractor, Infestation Pit  
  156  8:45  Spine Crawler, Extractor, Drone x7  
  156  8:46  Spine Crawler x2  
  157  9:01  Zergling x2  
  157  9:02  Zergling x14  
  146  9:14  Zergling x8  
  130  9:21  Hydralisk x4  
  130  9:22  Zerg Ground Armor Level 2, Zergling x6  
  137  9:24  Hive  
  133  9:33  Hydralisk x2  
  133  9:34  Hydralisk x2  
  133  9:46  Hydralisk x4  
  137  9:56  Hydralisk x7  
  145  10:00  Hydralisk  
  145  10:04  Drone  
  140  10:08  Hydralisk x3  
  140  10:10  Overseer  
  144  10:15  Drone x3  
  144  10:17  Hatchery  
  146  10:21  Hydralisk  
  146  10:23  Hydralisk x3  
  146  10:26  Hydralisk  
  146  10:27  Hydralisk  
  158  10:30  Hydralisk x2  
  158  10:33  Baneling x7  
  158  10:34  Zergling x2, Baneling  
  163  10:38  Zergling x6  
  167  10:42  Zergling x2  
  167  10:43  Zergling x4  
  167  10:46  Zergling x2  
  170  10:50  Zergling x4  
  170  10:55  Zergling x6  
  170  10:56  Ultralisk Cavern, Zergling x8  
  178  11:01  Zergling x4  
  179  11:05  Zergling x4  
  179  11:06  Zergling x2  
  175  11:12  Zergling x6  
  175  11:16  Overlord  
  169  11:19  Zergling x2  
  169  11:20  Zergling x8  
  173  11:28  Zergling x4  
  173  11:32  Zerg Melee Weapons Level 1, Adrenal Glands  
  172  11:39  Overlord  
  172  11:40  Zergling x8  
  172  11:41  Queen, Zergling x10  
  172  11:43  Chitinous Plating  
  183  11:48  Drone x4  
  183  11:51  Ultralisk  
  192  11:54  Baneling  
  192  11:55  Baneling x6  
  192  12:03  Viper x2  
  181  12:17  Ultralisk x2  
  191  12:23  Drone x3  
  191  12:24  Drone  
  191  12:25  Drone x2  
  197  12:31  Spire  
  197  12:35  Ultralisk  
  200  12:42  Baneling  
  200  12:43  Baneling x10  
  200  12:47  Hatchery  
  190  13:31  Zergling x4  
  192  13:36  Spine Crawler, Extractor, Drone x3  
  192  13:37  Spine Crawler  
  192  13:38  Extractor  
Show
View Real Time Build Order
Export as new Build Order

jheffe Terran 

Build Orders: Reaper Expand, Hellion Banshee, MMM Bio 

Get SALT Encoding   

  12  0:00  SCV  
  13  0:12  SCV  
  14  0:17  Supply Depot  
  14  0:25  SCV  
  15  0:38  SCV  
  15  0:42  Barracks  
  16  0:45  Refinery  
  16  0:51  SCV  
  17  1:03  SCV  
  18  1:15  SCV  
  19  1:29  Orbital Command, Reaper  
  20  1:45  Command Center  
  20  1:55  SCV  
  20  1:57  Supply Depot  
  20  2:01  Marine  
  22  2:07  SCV  
  23  2:12  Factory  
  23  2:17  Refinery  
  23  2:21  SCV  
  24  2:33  SCV  
  24  2:35  Barracks Reactor  
  25  2:45  SCV  
  26  2:57  Starport, SCV  
  27  2:59  Orbital Command  
  27  3:09  SCV  
  27  3:21  Hellion x2  
  27  3:23  Barracks Tech Lab  
  27  3:26  SCV  
  32  3:27  SCV  
  32  3:33  Supply Depot  
  33  3:38  SCV  
  33  3:39  SCV  
  35  3:42  Hellion x2  
  35  3:47  Banshee, Cloaking Field  
  42  3:50  SCV  
  42  3:51  SCV  
  42  3:53  Barracks Tech Lab  
  44  3:58  Supply Depot  
  44  4:02  SCV  
  45  4:03  SCV  
  45  4:05  Hellion x2  
  50  4:14  SCV  
  51  4:17  SCV  
  51  4:18  Marine  
  51  4:19  Stimpack  
  53  4:30  Viking  
  55  4:31  Command Center  
  55  4:33  SCV  
  55  4:36  Marine  
  57  4:42  SCV  
  58  4:49  Barracks  
  58  4:50  SCV  
  58  4:52  Barracks  
  59  4:53  Factory Reactor  
  59  4:54  SCV  
  59  5:02  SCV  
  59  5:06  SCV  
  58  5:11  Marine  
  59  5:14  SCV, Engineering Bay  
  59  5:15  Refinery x2, Engineering Bay  
  59  5:18  Supply Depot, SCV  
  59  5:20  Starport Reactor  
  61  5:26  SCV  
  62  5:39  Marine, SCV x2  
  62  5:42  Factory Reactor, Terran Infantry Armor Level 1, Terran Infantry Weapons Level 1  
  65  5:44  Barracks, Marine x2  
  65  5:45  Orbital Command, Barracks  
  67  5:52  Marine x2, SCV  
  67  5:53  SCV  
  71  5:57  Marine  
  71  5:59  Supply Depot  
  71  6:01  Medivac x2  
  71  6:03  Marine  
  71  6:04  Marine  
  77  6:06  SCV  
  77  6:07  SCV  
  77  6:11  Marine x2  
  82  6:16  Marine  
  83  6:19  Combat Shields  
  83  6:20  Marine  
  83  6:23  Supply Depot  
  84  6:26  Supply Depot  
  84  6:28  Widow Mine x2  
  84  6:29  Orbital Command, Marine x3  
  84  6:30  SCV  
  92  6:34  SCV  
  92  6:37  Barracks Reactor  
  92  6:38  Barracks Reactor  
  93  6:40  Armory  
  93  6:45  SCV  
  93  6:46  Marine x3, SCV  
  97  6:48  Medivac  
  100  7:00  SCV  
  101  7:05  SCV  
  101  7:06  SCV  
  101  7:08  Marine x4  
  107  7:11  Supply Depot  
  107  7:12  Armory  
  107  7:15  SCV  
  108  7:17  Supply Depot  
  108  7:18  Supply Depot  
  108  7:20  SCV  
  109  7:30  Factory  
  109  7:32  Marine x6  
  109  7:36  SCV  
  114  7:37  Marine x2  
  114  7:39  Marine  
  114  7:42  Supply Depot  
  114  7:44  SCV  
  118  7:50  Marine x6  
  126  7:51  Medivac x2  
  128  8:00  Refinery  
  128  8:01  Refinery  
  128  8:06  Marine x3  
  120  8:21  Medivac x2  
  120  8:24  Marine x2  
  120  8:26  Marine x4  
  120  8:27  Siege Tank, Marine x2  
  129  8:29  Factory Tech Lab  
  129  8:30  Supply Depot, SCV x2  
  133  8:39  Marine  
  132  8:41  Marine  
  132  8:42  Marine  
  132  8:44  Marine x5  
  132  8:45  Marine  
  132  8:46  SCV  
  141  8:49  Terran Infantry Weapons Level 2  
  141  8:51  Terran Infantry Armor Level 2  
  141  8:52  Medivac, SCV  
  144  9:00  Siege Tank  
  107  9:19  Marine x3  
  98  9:25  Marine  
  98  9:26  Marine x3  
  94  9:32  Siege Tank x2  
  94  9:37  Marine x3  
  103  9:43  Marine x4  
  99  9:54  Marine  
  99  9:55  Marine x2  
  99  9:59  Orbital Command  
  101  10:01  Marine x4  
  101  10:04  Siege Tank  
  108  10:12  Marine x2  
  108  10:13  Marine  
  111  10:19  Marine x4  
  115  10:22  Command Center  
  115  10:30  Marine x3  
  118  10:37  Marine x4  
  118  10:42  Siege Tank  
  125  10:44  Orbital Command  
  125  10:48  Marine x3  
  125  10:49  SCV  
  129  10:54  Marine  
  129  10:55  Marine x3  
  133  11:03  Unknown x2  
  133  11:06  Marine x3  
  133  11:08  Unknown  
  122  11:12  Marine x4  
  113  11:23  Marine x2  
  113  11:24  Marine x3  
  113  11:29  Medivac  
  113  11:30  Marine x4  
  114  11:41  Marine x3  
  114  11:42  Marine  
  114  11:46  Marine  
  119  11:48  Marine x2  
  119  11:54  Marine x2  
  121  11:55  Medivac  
  121  11:59  Medivac, Marine  
  107  12:17  Marine x4  
  107  12:19  Siege Tank x2  
  107  12:20  Marine x2  
  118  12:25  Medivac  
  118  12:29  Medivac  
  122  12:34  Marine x3  
  122  12:35  Marine x2  
  122  12:39  Marine x4  
  126  12:49  Liberator  
  126  12:50  Liberator  
  126  12:51  Siege Tank x2  
  126  12:52  Marine x2  
  126  12:56  Marine x2  
  135  12:59  Marine x3  
  143  13:23  Siege Tank x2  
  148  13:48  Marine  
  148  13:49  Marine x2  
Tags
 
Add a new tag
Caveats
  • Supply blocks, unpowered buildings, or Contaminate may cause inaccurate times.
  • Supply counts are checked every 10 seconds.